 Dungeon Crawl Stone Soup version 0.18-a0-1577-gf591c28 (webtiles) character file.

182 wvc the Cudgeler (level 5, -4/41 HPs)
             Began as a Mummy Chaos Knight on Mar 20, 2016.
             Slain by a gnoll
             ... wielding a +0 flail
              (14 damage)
             ... on level 2 of the Dungeon.
             The game lasted 00:05:01 (2877 turns).

wvc the Cudgeler (Mummy Chaos Knight)               Turns: 2877, Time: 00:05:01

Health: -4/41      AC:  6    Str: 16    XL:     5   Next: 35%
Magic:  5/5        EV: 11    Int: 11    God:    Xom [*.....]
Gold:   98         SH:  0    Dex: 12    Spells: 0 memorised, 4 levels left

rFire  x . .     SeeInvis .     a - +0 mace (chaos)
rCold  + + .     Gourm    .     b - +2 leather armour
rNeg   + + +     Faith    .     (no shield)
rPois  ∞         Spirit   .     c - +0 helmet
rElec  .         Dismiss  .     (no cloak)
rCorr  .         Reflect  .     (no gloves)
SustAt .         Harm     .     (no boots)
MR     .....                    (no amulet)
Stlth  +.........               (no ring)
                                j - ring of protection from cold

@: about to teleport, not resistant to hostile enchantments, very unstealthy
A: no food or potions, fire vulnerability, cold resistance 1, negative energy
resistance 3, torment resistance, unbreathing
a: Renounce Religion


You were on level 2 of the Dungeon.
You worshipped Xom.
You were a special plaything of Xom.
You were not hungry.

You visited 1 branch of the dungeon, and saw 3 of its levels.

You collected 98 gold pieces.

Inventory:

Hand Weapons
 a - a +0 mace of chaos (weapon)
 i - a +3 flail
Missiles
 h - 36 poisoned needles
Armour
 b - a +2 leather armour (worn)
 c - a +0 helmet (worn)
 k - a +0 shield
Jewellery
 j - a ring of protection from cold (left hand)
Scrolls
 d - 4 scrolls of remove curse
 g - a scroll of magic mapping


   Skills:
 - Level 3.0 Fighting
 * Level 5.0 Maces & Flails
 - Level 1.5 Armour
 - Level 0.7 Dodging


You had 4 spell levels left.
You didn't know any spells.

Dungeon Overview and Level Annotations

Branches:
Dungeon (3/15)

Altars:


Innate Abilities, Weirdness & Mutations

You do not eat or drink.
Your flesh is vulnerable to fire.
You are immune to poison.
Your flesh is cold resistant.
You are immune to negative energy.
You are immune to unholy pain and torment.
You can survive without breathing.


Message History

You hit the gnoll shaman but do no damage.
The gnoll shaman is lightly wounded.
The gnoll shaman barely misses you. The gnoll hits you with a flail.
You sock the gnoll shaman!
Space bends around the gnoll shaman.
The gnoll shaman is severely wounded.
The gnoll shaman hits you with a club.
* * * LOW HITPOINT WARNING * * *
The gnoll hits you with a flail.
* * * LOW HITPOINT WARNING * * *
You are too injured to fight recklessly!
Read which item? (? for menu, Esc to quit)
As you read the scroll of teleportation, it crumbles to dust.
You feel strangely unstable. The gnoll shaman barely misses you.
Read which item? (? for menu, Esc to quit)
As you read the scroll labeled KEURGH KYID, it crumbles to dust.
It is a scroll of identify.
Identify which item? (\ to view known items) (? for menu, Esc to quit)
k - a +0 shield The gnoll hits you with a flail!
You die...

≈≈≈.##'#'####....## #.#.#####...
≈≈#(.%.......†....# #.#'#.......
≈####..(..........# #...........
.(..'(((..........# #...........
(####.(...........####....(...>..
.####........##.......).((.......
(#...........##..................
.####........##.................<
.# #........##g@g...!...........
.# #........#########.#'#'####..
.# #........# #.#.#....... .#
########## #.#.######.# .#
#.#........# ## #.########## #
#.##........ # #.##.####### #
#.##.#.....#


You could see a gnoll shaman and a gnoll.

Vanquished Creatures
  Ijyb (D:2)
  Jessica (D:2)
  5 adders (D:2)
  An ooze (D:2)
  2 worms (D:2)
  A dart slug (D:2)
  A giant gecko (D:1)
  2 giant cockroaches
  5 hobgoblins
  14 jackals (D:2)
  A quokka (D:2)
  5 bats
  2 giant newts (D:1)
  15 goblins
  6 kobolds
  4 rats
66 creatures vanquished.

Vanquished Creatures (others)
  A jackal (D:2)
  2 goblins (D:2)
3 creatures vanquished.

Grand Total: 69 creatures vanquished

Notes
Turn   | Place    | Note
--------------------------------------------------------------
     0 | D:1      | wvc the Mummy Chaos Knight began the quest for the Orb.
     0 | D:1      | Reached XP level 1. HP: 18/18 MP: 1/1
   133 | D:1      | XOM: divination: detect creatures
   155 | D:1      | XOM: harmless Pois miscast
   169 | D:1      | Reached XP level 2. HP: 18/24 MP: 2/2
   256 | D:1      | XOM: divination: detect creatures
   277 | D:1      | Reached skill level 3 in Maces & Flails
   714 | D:1      | XOM: divination: detect creatures
   774 | D:2      | Reached XP level 3. HP: 18/29 MP: 3/3
  1015 | D:2      | XOM: harmless Necr miscast
  1053 | D:2      | XOM: potion effect (might)
  1146 | D:2      | XOM: medium Erth miscast
  1452 | D:2      | Reached skill level 4 in Maces & Flails
  1452 | D:2      | Reached XP level 4. HP: 12/35 MP: 4/4
  1571 | D:2      | XOM: noise
  1852 | D:2      | Noticed Jessica
  1854 | D:2      | Killed Jessica
  1987 | D:2      | XOM: destruction
  2263 | D:2      | Reached XP level 5. HP: 41/41 MP: 5/5
  2287 | D:2      | Noticed Ijyb
  2287 | D:2      | XOM: enchant monster (bad)
  2307 | D:2      | Killed Ijyb
  2307 | D:2      | Reached skill level 5 in Maces & Flails
  2574 | D:2      | XOM: colour smoke trail
  2726 | D:2      | XOM: silly message
  2877 | D:2      | Slain by a gnoll

Vault maps used:
D:1:      saegor_arrival_simple_e, corexii_item_surrounded_by_moat,
          hangedman_abyss_or_decor_lesser_grid
D:2:      kennysheep_goblin_castle, first_bread, roderic_whirl, uniq_jessica
D:3:      kennysheep_generic_room_10

Skill      XL: |  1  2  3  4  5 |
---------------+----------------+-----
Maces & Flails | 3 4 5 |  5.0
Fighting       | |  3.0
Armour         | |  1.5
Dodging        | |  0.7

Action                   |  1- 3 |  4- 6 || total
-------------------------+-------+-------++-------
Melee: Mace              |   128 |   108 ||   236
  Use: Scroll            |     1 |     7 ||     8
 Stab: Paralysed         |     2 |     2 ||     4
       Confused          |       |     1 ||     1
       Petrifying        |       |     1 ||     1
       Sleeping          |       |     1 ||     1
